 Dungeon Crawl Stone Soup version 0.21-a0-621-gc60411f (webtiles) character file.

51 Amnesiac the Changer (level 3, -1/24 HPs)
             Began as an Octopode Transmuter on Dec 23, 2017.
             Slain by a quokka (5 damage)
             ... on level 2 of the Dungeon.
             The game lasted 00:01:03 (770 turns).

Amnesiac the Changer (Octopode Transmuter)           Turns: 770, Time: 00:01:03

Health: -1/24      AC:  2    Str:  9    XL:     3   Next: 83%
Magic:  3/6        EV: 20    Int: 15    God:
Gold:   63         SH:  0    Dex: 18    Spells: 0/6 levels left

rFire    . . .     SeeInvis .     - Unarmed
rCold    . . .     Gourm    .   (shield currently unavailable)
rNeg     . . .     Faith    .   (helmet currently unavailable)
rPois    x         Spirit   .   (no amulet)
rElec    .         Reflect  .   (no ring)
rCorr    .         Harm     .   (no ring)
MR       .....                  (no ring)
Stlth    ++........             (no ring)
HPRegen  0.08/turn              (no ring)
MPRegen  0.10/turn              (no ring)
                                (no ring)
                                (no ring)

@: lethally poisoned (-1 -> -3), spider-form (expiring)
A: tiny, almost no armour, stealthy swim, (amphibious), 8 rings, (constrict 8)
a: End Transformation


You were on level 2 of the Dungeon.
You were not hungry.
You were a venomous arachnid creature.
You visited 1 branch of the dungeon, and saw 2 of its levels.

You collected 63 gold pieces.

Inventory:

Hand Weapons
 i - a +3 short sword
Missiles
 a - 27 arrows
Scrolls
 d - a scroll of identify {!r, unknown}
 e - a scroll of amnesia {!r, unknown}
 j - a scroll of enchant weapon {!r, unknown}
Potions
 f - a potion of might {!q, unknown}
 g - a potion of brilliance {!q, unknown}
Books
 b - a book of Changes

   Spells                             Type                      Level
   a - Beastly Appendage              Transmutation                1
   b - Sticks to Snakes               Transmutation                2
   c - Spider Form                    Transmutation/Poison         3
   d - Ice Form                       Ice/Transmutation            4
   e - Blade Hands                    Transmutation                5
Comestibles
 c - 2 rations
 h - 4 chunks of flesh


   Skills:
 + Level 2.1 Fighting
 + Level 2.0 Dodging
 * Level 3.1 Unarmed Combat
 + Level 2.1 Spellcasting
 * Level 3.2 Transmutations


You couldn't memorise any spells.
You knew the following spells:

 Your Spells              Type           Power        Failure   Level  Hunger
a - Beastly Appendage     Tmut           ##....       17%         1    #......
b - Sticks to Snakes      Tmut           ##......     22%         2    ###....
e - Spider Form           Tmut/Pois      #.........   56%         3    ###....


Dungeon Overview and Level Annotations

Branches:
Dungeon (2/15)

Altars:


Innate Abilities, Weirdness & Mutations

You cannot wear most types of armour.
You are very stealthy in the water. (Stealth+)
((You are amphibious.))
You can wear up to eight rings at the same time.
((You can use your tentacles to constrict eight enemies at once.))
((Your skin changes colour to match your surroundings (Stealth+).))
((Your rubbery body absorbs attacks. (AC +1, EV +1)))


Message History

The hobgoblin is almost dead.
You constrict the hobgoblin.
You kill the hobgoblin!
The hobgoblin barely misses you.
You tentacle-slap the hobgoblin but do no damage.
The hobgoblin closely misses you.
You tentacle-slap the hobgoblin. You grab the hobgoblin.
The hobgoblin is lightly wounded.
You constrict the hobgoblin, but do no damage.
You tentacle-slap the hobgoblin.
The hobgoblin is severely wounded.
You constrict the hobgoblin, but do no damage.
The hobgoblin completely misses you.
You tentacle-slap the hobgoblin.
You kill the hobgoblin!
An ooze comes into view.
The ooze moves out of view.
An adder comes into view.
You see here a goblin corpse.
Found 6 gold pieces and a scroll labeled IFIANA ESULATS.
An adder is nearby!
An adder is nearby!
The ooze quivers.
You tentacle-slap the adder. You grab the adder.
The adder is moderately wounded.
You constrict the adder. The adder barely misses you. The adder misses you.
You tentacle-slap the adder.
The adder is heavily wounded.
You constrict the adder. The adder bites you.
You are poisoned.
The adder poisons you!
You tentacle-slap the adder but do no damage.
The adder is severely wounded.
You constrict the adder.
You feel sick. The adder closely misses you.
You tentacle-slap the adder.
You kill the adder!
You feel sick.
You tentacle-slap the ooze but do no damage.
You feel sick. The ooze hits you.
* * * LOW HITPOINT WARNING * * *
You are too injured to fight recklessly!
You are too injured to fight recklessly!
You are too injured to fight recklessly!
You are too injured to fight recklessly!
A quokka comes into view.
You see here 6 gold pieces.
You see here a scroll labeled IFIANA ESULATS {!r}.
You tentacle-slap the ooze. You squeeze the ooze.
You kill the ooze!
You feel sick.
The quokka moves out of view.
You now have 63 gold pieces (gained 6).
Casting: Spider Form
Confirm with . or Enter, or press ? or * to list all spells.
You turn into a venomous arachnid creature.
You feel sick.
You hit the quokka.
The quokka is lightly wounded.
You feel sick. The quokka misses you.
You barely miss the quokka.
The quokka is lightly wounded.
Your transformation is almost over.
The quokka bites you.
You die...

. . . .#.##. .....
#.#.. # #.#.# #..
#.#.###....
#.#........
#####..........
#.?...rs......#
#....###.........#
#..## #.†........#
#. #.#........# ..
###)#........# ..
# #.%..$..###### .
#. #.#.#..##
#.##.....##
#......### ##


You could see a quokka.

Vanquished Creatures
  An adder (D:2)
  2 oozes
  2 dart slugs (D:2)
  A leopard gecko (D:1)
  4 bats
  3 goblins
  5 hobgoblins
  3 jackals (D:1)
  3 kobolds (D:1)
  3 frilled lizards (D:1)
27 creatures vanquished.

Notes
Turn   | Place    | Note
-------+----------+-------------------------------------------
     0 | D:1      | Amnesiac the Octopode Transmuter began the quest for the Orb.
     0 | D:1      | Reached XP level 1. HP: 13/13 MP: 3/3
    63 | D:1      | Reached XP level 2. HP: 7/18 MP: 5/5
   572 | D:1      | Reached XP level 3. HP: 18/24 MP: 6/6
   578 | D:1      | Learned a level 2 spell: Sticks to Snakes
   582 | D:1      | Learned a level 3 spell: Spider Form
   770 | D:2      | Slain by a quokka

Vault maps used:
D:1:      minmay_arrival_checkered_box
D:2:      first_ration, nicolae_ru_great_annihilating_truth

Skill      XL: |  1  2  3 |
---------------+----------+-----
Fighting       | 2 |  2.1
Transmutations | 3 |  3.2
Dodging        | |  2.0
Unarmed Combat | |  3.1
Spellcasting   | |  2.1

Action                   || total
-------------------------++-------
Melee: Unarmed           ||    81
       Constrict         ||    21
       Tentacles         ||     8
       Punch             ||     2
       Short sword       ||     1
 Cast: Spider Form       ||     2
 Stab: Sleeping          ||     1
Armor: Skin              ||     6
Dodge: Dodged            ||    68

Table legend:
 A = Spawn XP
 B = Non-spawn XP
 C = Spawn XP percentage of total XP
 D = Spawn monster count
 E = Non-spawn monster count
 F = Spawn count percentage of total count
 G = Total turns spent on level
                    A         B        C        D         E        F      G
               +---------+---------+-------+---------+---------+-------+---------
         Total |       0 |      74 |   0.0 |       0 |      27 |   0.0 |   770
               +---------+---------+-------+---------+---------+-------+---------
           D:1 |       0 |      37 |   0.0 |       0 |      19 |   0.0 |   697
           D:2 |       0 |      37 |   0.0 |       0 |       8 |   0.0 |    73
               +---------+---------+-------+---------+---------+-------+---------
